 Dungeon Crawl Stone Soup version 0.25.0-11-g1f837a76a1 (webtiles) character file.

Game seed: 4588316660988113312

2596 Jakers the Geomancer (level 9, 0/90 HPs)
             Began as a Gargoyle Earth Elementalist on June 24, 2020.
             Was a Believer of Cheibriados.
             Slain by a warg (3 damage)
             ... on level 9 of the Dungeon.
             The game lasted 00:16:08 (6609 turns).

Jakers the Geomancer (Gargoyle Earth Elementalist)  Turns: 6609, Time: 00:16:09

Health: 0/90       AC: 24    Str: 18    XL:     9   Next: 59%
Magic:  0/17       EV:  2    Int: 25    God:    Cheibriados [**....]
Gold:   331        SH:  0    Dex: 16    Spells: 10/19 levels left

rFire    . . .     SeeInvis .   m - +1 mace (flame)
rCold    . . .     Gourm    .   (no shield)
rNeg     + + +     Faith    .   (armour currently unavailable)
rPois    ∞         Spirit   +   (helmet currently unavailable)
rElec    .         Reflect  .   (cloak currently unavailable)
rCorr    .         Harm     .   (gloves currently unavailable)
MR       +....     NoTele   +   (boots currently unavailable)
Stlth    ++........             j - amulet of guardian spirit
HPRegen  0.25/turn              s - ring of flight
MPRegen  0.15/turn              B - ring of protection from magic

@: tree-form, studying Axes, very slow
A: negative energy resistance 1, petrification resistance, rot immunity, AC +6
a: Bend Time, Renounce Religion


You were on level 9 of the Dungeon.
You worshipped Cheibriados.
Cheibriados was pleased with you.
You were hungry.
You were a tree.
You visited 2 branches of the dungeon, and saw 10 of its levels.

You collected 331 gold pieces.

Inventory:

Hand Weapons
 m - a +1 mace of flaming (weapon)
Missiles
 b - 187 stones (quivered)
 t - 33 sling bullets
Armour
 c - a +0 robe (melded)
 n - a +0 pair of gloves (melded)
 q - a +0 cloak (melded)
 x - a +0 leather armour
 A - a +0 helmet (melded)
Jewellery
 j - an amulet of guardian spirit (around neck)
 s - a ring of flight (left branch)
 B - a ring of protection from magic (right branch)
Wands
 a - a wand of polymorph (7)
 z - a wand of flame (6)
Scrolls
 e - 11 scrolls of identify
 y - 4 scrolls of remove curse
 C - 2 scrolls of magic mapping {unknown}
 E - a scroll of teleportation
Potions
 f - 2 potions of heal wounds {unknown}
 g - 2 potions of lignification
 h - 4 potions of curing {unknown}
 i - 2 potions of flight {unknown}
 k - a potion of mutation {unknown}
 l - 2 potions of haste {unknown}
 p - a potion of berserk rage {unknown}
 r - a potion of invisibility {unknown}
 u - 3 potions of stabbing {unknown}
 v - a potion of magic {unknown}
 w - a potion of might {unknown}
Books
 D - a manual of Axes
Comestibles
 d - 16 rations


   Skills:
 - Level 8.7 Fighting
 - Level 1.5 Dodging
 - Level 2.1 Stealth
 + Level 5.5 Spellcasting
   Level 0.7 Transmutations
 - Level 10.2 Earth Magic


You had 10 spell levels left.
You knew the following spells:

 Your Spells              Type           Power        Failure   Level  Hunger
a - Sandblast             Erth           ######       1%          1    None
b - Lee's Rapid Deconstr  Erth           ######....   3%          5    #####..
c - Stone Arrow           Conj/Erth      ####..       2%          3    #......

Your spell library contained the following spells:

 Spells                   Type           Power        Failure   Level  Hunger
 Passwall                 Tmut/Erth      ####....     1%          2    None
 Petrify                  Tmut/Erth      ####....     9%          4    ###....
 Confusing Touch          Hex            #.......     24%         3    #......
 Gell's Gravitas          Tloc           #.........   24%         3    #......
 Yara's Violent Unravell  Hex/Tmut       #.........   88%         5    #####..
 Metabolic Englaciation   Hex/Ice        #.........   91%         5    #####..


Dungeon Overview and Level Annotations

Branches:
Dungeon (9/15)             Temple (1/1) D:4
   Lair: D:8-11         Orc: D:9-12

Altars:
Ashenzari
Cheibriados
Dithmenos
Fedhas
Gozag
Kikubaaqudgha
Makhleb
Okawaru
Qazlal
Trog
Uskayaw
Vehumet
Wu Jian
The Shining One

Annotations:
D:7 2 transporters, Flugkiller's ghost, novice DDFi
D:8 Grum


Innate Abilities, Weirdness & Mutations

You are resistant to torment.
((Your stone body is resilient. (AC +6)))
You are immune to poison.
You resist negative energy. (rN+)
((You are resistant to electric shocks. (rElec)))
((You can survive without breathing.))
You are immune to petrification.
You are immune to rotting.


Message History

Unknown command.
Evoke which item? (* to show all) (? for menu, Esc to quit)
Aiming: Disintegrate
Press: ? - help, Shift-Dir - straight line, f/p - warg
Aim: a warg (chance to defeat MR: 48%)
The warg is blasted!
The now-empty wand crumbles to dust.
The warg bites you but does no damage. x2
Evoke which item? (* to show all) (? for menu, Esc to quit)
Aiming: Throw Flame
Press: ? - help, Shift-Dir - straight line, f/p - warg
Aim: a warg (heavily wounded)
The puff of flame hits the warg.
The warg is heavily wounded.
The warg bites you but does no damage.
Evoke which item? (* to show all) (? for menu, Esc to quit)
Aiming: Throw Flame
Press: ? - help, Shift-Dir - straight line, f/p - warg
Aim: a warg (heavily wounded)
The puff of flame misses the warg.
The warg bites you.
You die...

#. #.
#.### #...
#..# #.<#
#..# #.h#
#.♣#
#......(..
#.........
#.........
#.........
#.........
#.........
#.........


You could see a warg.

Vanquished Creatures
  A hungry ghost (D:7)
  A water moccasin (D:5)
  A sky beast (D:7)
  3 ice beasts (D:7)
  A black bear (D:8)
  A phantom (D:8)
  4 wolves (D:8)
  2 ogres
  4 centaurs
  3 scorpions
  5 killer bees (D:8)
  4 crimson imps
  A howler monkey (D:7)
  2 hounds
  A jelly (D:4)
  2 orc wizards
  An orc priest (D:7)
  An iguana (D:5)
  A worker ant (D:4)
  A hound skeleton (D:7)
  Robin (D:2)
  11 adders
  2 oozes
  2 worms (D:3)
  A dart slug (D:2)
  3 leopard geckos
  22 orcs
  4 giant cockroaches
  15 goblins
  9 hobgoblins
  2 jackals (D:5)
  3 kobolds (D:3)
  A quokka (D:2)
  A ball python (D:1)
  3 bats
  5 frilled lizards
  3 leopard gecko skeletons
  A leopard gecko zombie (D:7)
  8 rats
137 creatures vanquished.

Notes
Turn   | Place    | Note
-------+----------+-------------------------------------------
     0 | D:1      | Jakers the Gargoyle Earth Elementalist began the quest for
                  | the Orb.
     0 | D:1      | Reached XP level 1. HP: 10/10 MP: 3/3
     9 | D:1      | Reached skill level 4 in Earth Magic
   171 | D:1      | Reached XP level 2. HP: 15/15 MP: 1/5
   635 | D:2      | Noticed Robin
   680 | D:1      | Reached XP level 3. HP: 12/19 MP: 0/6
   720 | D:2      | Killed Robin
   720 | D:2      | Reached skill level 5 in Earth Magic
  1728 | D:3      | Reached XP level 4. HP: 24/24 MP: 5/7
  1751 | D:3      | Reached skill level 6 in Earth Magic
  1777 | D:3      | Found a blossoming altar of Fedhas.
  2136 | D:3      | Found a glowing golden altar of the Shining One.
  2235 | D:3      | Reached XP level 5. HP: 28/28 MP: 6/8
  2698 | D:4      | Reached skill level 7 in Earth Magic
  2771 | D:4      | Noticed an ogre
  2776 | D:4      | Killed an ogre
  2776 | D:4      | Reached XP level 6. HP: 28/32 MP: 4/9
  2778 | D:4      | Reached skill level 8 in Earth Magic
  2900 | D:4      | Found a staircase to the Ecumenical Temple.
  2915 | Temple   | Entered the Ecumenical Temple
  2930 | Temple   | Became a worshipper of Cheibriados the Contemplative
  3206 | D:4      | Learned a level 5 spell: Lee's Rapid Deconstruction
  3229 | D:4      | Found a shadowy altar of Dithmenos.
  3234 | D:4      | Learned a level 3 spell: Stone Arrow
  3236 | D:4      | Found a burning altar of Makhleb.
  3239 | D:4      | Found an ancient bone altar of Kikubaaqudgha.
  3305 | D:4      | Found a stormy altar of Qazlal.
  3744 | D:5      | Entered Level 5 of the Dungeon
  3760 | D:5      | Noticed a water moccasin
  3761 | D:5      | Killed a water moccasin
  3761 | D:5      | Reached skill level 9 in Earth Magic
  3761 | D:5      | Reached XP level 7. HP: 36/36 MP: 3/10
  3920 | D:5      | Found an opulent altar of Gozag.
  4809 | D:6      | Reached skill level 10 in Earth Magic
  4974 | D:6      | Reached skill level 1 in Fighting
  5122 | D:6      | Reached * piety under Cheibriados
  5140 | D:6      | Reached XP level 8. HP: 36/46 MP: 0/11
  5316 | D:6      | Found a radiant altar of Vehumet.
  5655 | D:7      | Reached skill level 5 in Fighting
  5678 | D:7      | HP: 3/76 [orc/+1 dagger of flaming (2)]
  6072 | D:7      | Reached ** piety under Cheibriados
  6078 | D:7      | Reached XP level 9. HP: 45/60 MP: 2/12
  6328 | D:7      | Found a transporter.
  6328 | D:7      | Noticed Flugkiller's ghost (novice DDFi)
  6330 | D:7      | Found a transporter.
  6412 | D:8      | Noticed a two-headed ogre
  6583 | D:8      | Found a bloodstained altar of Trog.
  6583 | D:8      | Noticed Grum
  6588 | D:8      | Reached skill level 5 in Spellcasting
  6606 | D:9      | HP: 3/90 [warg (4)]
  6609 | D:9      | Slain by a warg

Illustrated notes

Levels and vault maps discovered:
D:1:      minmay_arrival_open_corners, layout_rooms
D:2:      layout_loops_ring, uniq_robin
D:3:      layout_basic, lemuel_round_altar, tso_oasis_becter, first_ration
D:4:      layout_loops_ring, grunt_temple_overflow_cloverleaf,
          minmay_temple_entry_ruins, st_stairs_8, minmay_goblin_kobold_house
D:5:      lemuel_upstairs_altar, layout_basic, grunt_gozag_breadcrumbs,
          kennysheep_generic_room_2
D:6:      layout_rooms, vehumet_altar_wand_db
D:7:      layout_rooms, nicolae_ru_the_path_less_chosen,
          gammafunk_ghost_mausoleum, minmay_manual_mares
D:8:      layout_basic, overflow_temple_1_default, uniq_grum
D:9:      layout_long_grid, nicolae_overflow_hidden_temple, elyvilon_altar_5,
          orc_david_3, uniq_prince_ribbit1, uniq_joseph, uniq_psyche
Temple:   eino_wide_crystal_templ

Skill      XL: |  1  2  3  4  5  6  7  8  9 |
---------------+----------------------------+-----
Earth Magic    | 4 5 6 7 9 10 | 10.2
Fighting       | 3 8 |  8.7
Spellcasting   | 5 |  5.5
Dodging        | |  1.5
Stealth        | |  2.1
Transmutations | |  0.7

Action                   |  1- 3 |  4- 6 |  7- 9 || total
-------------------------+-------+-------+-------++-------
Melee: Unarmed           |     4 |       |       ||     4
       Short sword       |    15 |       |       ||    15
       Mace              |       |    37 |    85 ||   122
Throw: Stone             |     2 |       |       ||     2
 Cast: Sandblast         |    38 |    46 |    26 ||   110
       Stone Arrow       |       |     2 |    20 ||    22
       Lee's Rapid Decon |       |     2 |    11 ||    13
Evoke: Wand              |       |       |    25 ||    25
  Use: Scroll            |     5 |     2 |     5 ||    12
       Potion            |       |       |     2 ||     2
 Stab: Sleeping          |       |     1 |       ||     1
  Eat: Chunk             |     3 |     8 |     7 ||    18
       Ration            |       |       |     2 ||     2
Armor: Robe              |    15 |    19 |    94 ||   128
       Skin              |       |       |     7 ||     7
Dodge: Dodged            |    15 |    42 |   136 ||   193
